 Dungeon Crawl Stone Soup version 0.22-a0-21-g9421e3f (webtiles) character file.

611 Lanoc the Chopper (level 7, -22/82 HPs)
             Began as a Demonspawn Berserker on Jan 2, 2018.
             Was a Priest of Trog.
             Annihilated by an ogre
             ... wielding a +0 giant spiked club
              (27 damage)
             ... on level 7 of the Dungeon.
             The game lasted 00:06:08 (3149 turns).

Lanoc the Chopper (Demonspawn Berserker)            Turns: 3149, Time: 00:06:09

Health: -22/82     AC:  8    Str: 22    XL:     7   Next: 20%
Magic:  7/7        EV: 14    Int:  8    God:    Trog [***...]
Gold:   271        SH:  0    Dex: 15    Spells: 6/6 levels left

rFire    + . .     SeeInvis .   a - +0 hand axe
rCold    . . .     Gourm    .   (no shield)
rNeg     . . .     Faith    .   b - +0 animal skin
rPois    .         Spirit   .   (helmet restricted)
rElec    .         Reflect  .   (no cloak)
rCorr    .         Harm     .   (no gloves)
MR       .....                  (no boots)
Stlth    ..........             (no amulet)
HPRegen  2.23/turn              w - ring of protection from fire
MPRegen  0.10/turn              (no ring)

@: berserking, sanguine armour, very quick
A: horns 2, powered by death 2, sanguine armour 1
a: Berserk, Trog's Hand, Burn Spellbooks, Renounce Religion


You were on level 7 of the Dungeon.
You worshipped Trog.
Trog was most pleased with you.
You were near starving.

You visited 1 branch of the dungeon, and saw 6 of its levels.

You collected 271 gold pieces.

Inventory:

Hand Weapons
 a - a +0 hand axe (weapon)
Missiles
 g - 184 arrows
 A - 20 sling bullets
Armour
 b - a +0 animal skin (worn)
Jewellery
 w - a ring of protection from fire (left hand)
Scrolls
 e - 3 scrolls of blinking {unknown}
 j - 4 scrolls of random uselessness {unknown}
 k - 5 scrolls of identify {unknown}
 l - a scroll of enchant weapon {unknown}
 m - a scroll of fog {unknown}
 p - 2 scrolls of amnesia {unknown}
 q - a scroll of magic mapping {unknown}
 r - 3 scrolls of teleportation {unknown}
 t - 2 scrolls of enchant armour {unknown}
 u - a scroll of fear {unknown}
 v - a scroll of noise {unknown}
 y - a scroll of remove curse {unknown}
Potions
 d - 5 potions of curing {unknown}
 f - a potion of brilliance {unknown}
 h - a potion of flight {unknown}
 i - a potion of degeneration {unknown}
 n - 5 potions of haste {unknown}
 o - a potion of berserk rage {unknown}
 s - a potion of ambrosia {unknown}
 x - a potion of agility {unknown}
 B - 2 potions of invisibility {unknown}
Comestibles
 c - 5 rations
 z - 7 chunks of flesh


   Skills:
 + Level 4.5 Fighting
 * Level 5.2 Axes
 + Level 3.5 Armour
 + Level 3.6 Dodging


You had 6 spell levels left.
You didn't know any spells.

Dungeon Overview and Level Annotations

Branches:
Dungeon (5/15)
 Temple: D:4-7

Altars:
Ashenzari
Dithmenos
Hepliaklqana
Vehumet
Xom

Annotations:
D:5 Pikel


Innate Abilities, Weirdness & Mutations

You have a pair of horns on your head.
You regenerate health from kills.
When seriously injured, your bleeding wounds create armour. (AC +6)


Message History

You slash the orc priest!
You kill the orc priest!
Trog accepts your kill.
You barely miss the ogre. You hit the orc warrior.
You barely miss the orc priest.
The orc warrior hits you with a hand axe!
* * * LOW HITPOINT WARNING * * *
You slash the orc priest!
You kill the orc priest!
Trog accepts your kill.
You hit the orc. You hit the ogre.
You hit the orc warrior but do no damage.
The ogre barely misses you.
The orc warrior hits you with a hand axe!
* * * LOW HITPOINT WARNING * * *
You slash the orc warrior! Your headbutt misses the orc warrior.
The orc warrior is almost dead.
You slash the ogre! You barely miss the orc. The orc closely misses you.
The ogre hits you with a giant spiked club!!
You die...

#...# #.......#
#.#.#####.......####
#>......'.......'...
###.#.#####.......####
#.....### #.......#
#.......#####...######
#.......+...'...'.....
###.......#####...######
+.....o@).# #...#
####..Oo).# #...#
+......# #...# #......#
#...# +.!....# #...#
#......# ..... #......#
#......#


You could see an orc warrior, an ogre and an orc.

Vanquished Creatures
  2 bullfrogs (D:7)
  A scorpion (D:4)
  A water moccasin skeleton (D:7)
  3 orc priests (D:7)
  Jessica (D:3)
  An orc wizard (D:7)
  A worker ant (D:4)
  An iguana (D:7)
  A hound zombie (D:7)
  A hound skeleton (D:4)
  8 adders
  A shadow imp (D:5)
  3 worms (D:2)
  A dart slug (D:1)
  6 leopard geckos
  5 orcs
  6 giant cockroaches
  6 goblins
  10 hobgoblins
  4 jackals (D:3)
  3 ball pythons
  5 bats
  5 frilled lizards
  3 kobolds
  7 rats
86 creatures vanquished.

Notes
Turn   | Place    | Note
-------+----------+-------------------------------------------
     0 | D:1      | Lanoc the Demonspawn Berserker began the quest for the Orb.
     0 | D:1      | Reached XP level 1. HP: 18/18 MP: 1/1
   243 | D:1      | Gained mutation: You regenerate a little health from kills. [demonic ancestry]
   243 | D:1      | Reached XP level 2. HP: 23/24 MP: 2/2
   248 | D:1      | Reached skill level 3 in Axes
   812 | D:2      | Gained mutation: When seriously injured, your bleeding wounds create armour. (AC +6) [demonic ancestry]
   812 | D:2      | Reached XP level 3. HP: 29/29 MP: 3/3
   962 | D:2      | Reached ** piety under Trog
  1097 | D:2      | Found a shimmering altar of Xom.
  1098 | D:2      | Found a hazy altar of Hepliaklqana.
  1098 | D:2      | Noticed a hell beast
  1099 | D:2      | Noticed a spectral ugly thing
  1099 | D:2      | Noticed a hell beast
  1153 | D:2      | Found a radiant altar of Vehumet.
  1153 | D:2      | Found a shadowy altar of Dithmenos.
  1576 | D:3      | Gained mutation: You have a pair of small horns on your head. [demonic ancestry]
  1576 | D:3      | Reached XP level 4. HP: 23/35 MP: 4/4
  1607 | D:3      | Noticed Jessica
  1613 | D:3      | Killed Jessica
  1874 | D:3      | Found a shattered altar of Ashenzari.
  2057 | D:3      | Gained mutation: You regenerate health from kills. [demonic ancestry]
  2057 | D:3      | Reached XP level 5. HP: 35/42 MP: 5/5
  2140 | D:4      | Reached skill level 4 in Axes
  2320 | D:4      | Reached *** piety under Trog
  2549 | D:5      | Entered Level 5 of the Dungeon
  2556 | D:5      | Noticed a slave
  2570 | D:5      | Noticed Pikel
  2571 | D:5      | Noticed a slave
  2571 | D:5      | Noticed a slave
  2574 | D:5      | Noticed a slave
  2773 | D:5      | You fall through a shaft for 2 floors!
  2778 | D:7      | Gained mutation: You have a pair of horns on your head. [demonic ancestry]
  2778 | D:7      | Reached XP level 6. HP: 48/48 MP: 6/6
  3074 | D:7      | Reached skill level 5 in Axes
  3074 | D:7      | Reached XP level 7. HP: 52/55 MP: 7/7
  3148 | D:7      | HP: 3/82 [orc warrior/hand axe (13)]
  3149 | D:7      | Annihilated by an ogre

Vault maps used:
D:1:      scummos_arrival_star
D:2:      regret_index_temple_of_mockery, gammafunk_temple_overflow_wave
D:3:      nicolae_overflow_hidden_temple, first_ration, uniq_jessica
D:5:      uniq_pikel
D:7:      lemuel_coloured_pillars_altar

Skill      XL: |  1  2  3  4  5  6 |
---------------+-------------------+-----
Axes           | 3 4 5 |  5.2
Armour         | 2 3 |  3.5
Dodging        | 2 3 |  3.6
Fighting       | 4 |  4.5

Action                   |  1- 3 |  4- 6 |  7- 9 || total
-------------------------+-------+-------+-------++-------
Melee: Hand axe          |   144 |   151 |    10 ||   305
       Headbutt          |       |    37 |     1 ||    38
Invok: Berserk           |       |     1 |     1 ||     2
 Stab: Sleeping          |       |     1 |       ||     1
  Eat: Chunk             |     2 |     6 |       ||     8
Armor: Animal skin       |    50 |    26 |     3 ||    79
Dodge: Dodged            |   124 |   121 |    10 ||   255

Table legend:
 A = Spawn XP
 B = Non-spawn XP
 C = Spawn XP percentage of total XP
 D = Spawn monster count
 E = Non-spawn monster count
 F = Spawn count percentage of total count
 G = Total turns spent on level
                    A         B        C        D         E        F      G
               +---------+---------+-------+---------+---------+-------+---------
         Total |       0 |     873 |   0.0 |       0 |      86 |   0.0 |  3149
               +---------+---------+-------+---------+---------+-------+---------
           D:1 |       0 |      29 |   0.0 |       0 |      17 |   0.0 |   619
           D:2 |       0 |      53 |   0.0 |       0 |      18 |   0.0 |   724
           D:3 |       0 |     118 |   0.0 |       0 |      22 |   0.0 |   730
           D:4 |       0 |     164 |   0.0 |       0 |      12 |   0.0 |   476
           D:5 |       0 |      11 |   0.0 |       0 |       1 |   0.0 |   224
           D:7 |       0 |     498 |   0.0 |       0 |      16 |   0.0 |   376
               +---------+---------+-------+---------+---------+-------+---------
